 Dungeon Crawl Stone Soup version 0.30-a0-782-ge64f9170bb (webtiles) character file.

Game seed: 14346695114104331926

107 theswoord the Chopper (level 4, 0/33 HPs)
             Began as a Demonspawn Gladiator on Feb 20, 2023.
             Slain by Natasha (2 damage)
             ... on level 2 of the Dungeon.
             The game lasted 00:01:51 (1221 turns).

theswoord the Chopper (Demonspawn Gladiator)        Turns: 1221, Time: 00:01:51

Health: 0/33       AC:  5    Str: 16    XL:     4   Next: 56%
Magic:  4/4        EV: 12    Int:  9    God:
Gold:   89         SH:  0    Dex: 15    Spells: 3/3 levels left

rFire   . . .      SeeInvis .    q - +0 broad axe
rCold   . . .      Faith    .    (no shield)
rNeg    . . .      Spirit   .    b - +0 leather armour
rPois   .          Reflect  .    (helmet restricted)
rElec   .          Harm     .    (no cloak)
rCorr   .          Rampage  .    (no gloves)
Will    +....                    (no boots)
Stlth   +                        (no amulet)
HPRegen 0.25/turn                f - ring of willpower
MPRegen 0.09/turn                (no ring)

@: no status effects
A: antennae 1, molten scales 1
a: no special abilities


You were on level 2 of the Dungeon.
You visited 1 branch of the dungeon, and saw 2 of its levels.

You collected 89 gold pieces.

Inventory:

Hand Weapons
 a - a +0 war axe
 q - a +0 broad axe (weapon)
Missiles
 d - 3 throwing nets (quivered)
 e - a javelin
Armour
 b - a +0 leather armour (worn)
 c - a +0 helmet
 h - a +0 pair of boots
 k - a +0 pair of boots
Jewellery
 f - a ring of willpower (left hand)
Scrolls
 g - 3 scrolls of identify {unknown}
 l - a scroll of poison {unknown}
 n - a scroll of amnesia {unknown}
 o - 5 scrolls of teleportation {unknown}
 s - a scroll of enchant weapon {unknown}
 t - a scroll of silence {unknown}
Potions
 i - 2 potions of cancellation {unknown}
 j - a potion of curing {unknown}
 m - a potion of heal wounds {unknown}
 p - a potion of attraction {unknown}
 r - a potion of degeneration {unknown}


   Skills:
 - Level 2.0 Fighting
 + Level 4.9 Axes
 - Level 1.7 Throwing
 - Level 2.6 Dodging


You had 3 spell levels left.
You didn't know any spells.
Your spell library contained the following spells:

 Spells                   Type           Power      Damage    Failure   Level
 Necrotise                Necr           0%         1d4       45%         1
 Sandblast                Erth           0%         2d4       45%         1
 Passwall                 Tmut/Erth      0%         N/A       58%         2
 Stone Arrow              Conj/Erth      0%         3d7       83%         3
 Vampiric Draining        Necr           0%         2d6       83%         3
 Agony                    Necr           0%         N/A       100%        5


Dungeon Overview and Level Annotations

Branches:
Dungeon (2/15)

Altars:

Shops:
D:1 [

Annotations:
D:2 Natasha


Innate Abilities, Weirdness & Mutations

You have a pair of small antennae on your head.
You are partially covered in molten scales. (AC +2)


Message History

You hit the bat. The bat misses you. The bat closely misses you. x2
You hit the bat.
You kill the bat!
No target in view!
No target in view!
No target in view!
No target in view!
You see here a bat corpse.
Natasha is nearby!
Natasha is nearby!
Natasha hisses angrily.
Natasha mumbles some strange words.
The white imp gestures at you. The puff of frost misses you.
You barely miss the white imp. The white imp gestures at you.
The puff of frost hits you.
You barely miss the white imp.
The white imp hits you but does no damage.
You slash the white imp! The white imp gestures at you.
The puff of frost misses you. The white imp barely misses you.
You hit the white imp.
You kill the white imp!
The white imp disappears in a puff of smoke!
Natasha zaps a wand.
The puff of flame hits you! Natasha claws you.
You completely miss Natasha. Natasha claws you. x2
* * * LOW HITPOINT WARNING * * *
You hit Natasha.
Natasha zaps a wand.
The puff of flame hits you.
* * * LOW HITPOINT WARNING * * *
You closely miss Natasha.
Natasha zaps a wand.
The puff of flame hits you.
* * * LOW HITPOINT WARNING * * *
You barely miss Natasha.
Natasha stares at you and mumbles some strange words.
The magic dart hits you but does no damage.
Natasha zaps a wand.
The puff of flame hits you!
* * * LOW HITPOINT WARNING * * *
You barely miss Natasha. Natasha claws you.
You die...

.###.##.###..............####...#
.###.##.# #..#..#.#.###.####.###.
.##.....# #.............###.## ##
.##..#### #.##..#.#.######.## #
.##..######.#.......# #.#
###..#... ......#.### #.## #
###..#.######...#.# ##.## ##
#............#.##.##########.###†
..>.....†......h@........# ##...#
#######.##..♣♣♣♣♣#######.# #####
#)##......♣♣♣ #.########
#..#♣.......♣♣♣♣ #.........
#...♣♣.........♣♣##########
#....♣♣♣♣♣......♣
#.####.#.♣♣....♣♣
#######.####.#.#♣..)..♣
...............#♣..8..♣


You could see Natasha.

Vanquished Creatures
  Natasha (twice) (D:2)
  2 dart slugs
  4 orcs (D:2)
  A ball python (D:2)
  A bat skeleton (D:2)
  3 endoplasms (D:2)
  3 giant cockroaches
  7 goblins
  3 hobgoblins
  3 jackals (D:2)
  3 quokkas
  A ball python skeleton (D:2)
  2 ball python zombies (D:2)
  3 bats
  A frilled lizard (D:1)
  A giant cockroach simulacrum (D:2)
  2 kobolds
  A quokka skeleton (D:2)
  2 rats (D:1)
45 creatures vanquished.

Vanquished Creatures (others)
  21 withered plants (D:2)
21 creatures vanquished.

Grand Total: 66 creatures vanquished

Notes
Turn   | Place    | Note
-------+----------+-------------------------------------------
     0 | D:1      | theswoord the Demonspawn Gladiator began the quest for the
                  | Orb.
     0 | D:1      | Reached XP level 1. HP: 16/16 MP: 1/1
    64 | D:1      | Reached skill level 3 in Axes
    96 | D:1      | Found Loenau's Antique Armour Emporium.
   138 | D:1      | Gained mutation: You are partially covered in molten
                  | scales. (AC +2) [demonic ancestry]
   138 | D:1      | Reached XP level 2. HP: 22/22 MP: 2/2
   509 | D:2      | Gained mutation: You have a pair of small antennae on your
                  | head. [demonic ancestry]
   509 | D:2      | Reached XP level 3. HP: 23/27 MP: 3/3
   610 | D:2      | Reached skill level 4 in Axes
   839 | D:2      | Noticed Natasha
   844 | D:2      | Killed Natasha
   845 | D:2      | Reached XP level 4. HP: 29/33 MP: 4/4
   876 | D:2      | Identified the +5 dagger "Saqausue" {pain, MP+9}
   976 | D:2      | Noticed Natasha
   981 | D:2      | Killed Natasha
  1118 | D:2      | Noticed Natasha
  1221 | D:2      | Slain by Natasha

Skill      XL: |  1  2  3 |
---------------+----------+-----
Axes           | 3 4 |  4.9
Fighting       | |  2.0
Throwing       | |  1.7
Dodging        | |  2.6

Action                     |  1- 3 |  4- 6 || total
---------------------------+-------+-------++-------
  Melee: War axe           |    54 |       ||    54
         Broad axe         |    14 |    31 ||    45
         Punch             |       |     1 ||     1
   Stab: Sleeping          |       |     1 ||     1
 Armour: Leather armour    |    23 |     7 ||    30
  Dodge: Dodged            |    58 |    21 ||    79

Levels and vault maps discovered:
D:1:      dpeg_arrival_arbitrary_c, layout_rooms, serial_shops,
          nicolae_lakefront_shop
D:2:      layout_loops_ring, kennysheep_pointless_box, dilly_guarded_unrand_morg
